 Dungeon Crawl Stone Soup version 0.32-a0-5-gbffa963729 (webtiles) character file.

Game seed: 16372185590884473241

1605 Flugslaktarn the Fighter (level 8, -2/75 HPs)
             Began as a Minotaur Fighter on Jan 13, 2024.
             Shot with an arrow by a centaur (3 damage)
             ... on level 6 of the Dungeon.
             The game lasted 00:02:47 (5237 turns).

Flugslaktarn the Fighter (Minotaur Fighter)         Turns: 5237, Time: 00:02:48

Health: -2/75      AC: 14    Str: 30    XL:     8   Next: 63%
Magic:  7/7        EV:  9    Int:  5    God:
Gold:   361        SH:  7    Dex:  9    Spells: 7/7 levels left

rFire   + . .        a - +1 war axe
rCold   + . .        y - +2 buckler {AC+3}
rNeg    . . .        l - +0 chain mail
rPois   .            (helmet restricted)
rElec   .            f - scarf {rC+ rF+}
rCorr   +            (no gloves)
SInv    .            g - +0 pair of boots
Will    .....        (no amulet) Stlth
                     k - ring of resist corrosion
HPRegen 0.32/turn    D - +6 ring of strength
MPRegen 0.10/turn

%: no passive effects
@: no status effects
A: horns 2, retaliatory headbutt
a: no special abilities


You were on level 6 of the Dungeon.
You visited 1 branch of the dungeon, and saw 6 of its levels.

You collected 361 gold pieces.

Inventory:

Hand Weapons
 a - a +1 war axe (weapon)
Armour
 b - a +0 scale mail
 c - a +0 buckler
 f - a scarf of resistance (worn)
   (You found it on level 1 of the Dungeon)
 g - a +0 pair of boots (worn)
   (You found it on level 3 of the Dungeon)
 l - a +0 chain mail (worn)
   (You found it on level 1 of the Dungeon)
 y - a +2 buckler of protection (worn)
   (You found it on level 4 of the Dungeon)
Jewellery
 k - a ring of resist corrosion (left hand)
   (You found it on level 1 of the Dungeon)
 D - a +6 ring of strength (right hand)
   (You took it off an orc on level 5 of the Dungeon)
Wands
 C - a wand of iceblast (5)
   (You found it on level 4 of the Dungeon)
Scrolls
 e - 3 scrolls of revelation
 j - a scroll of fog {unknown}
 m - 2 scrolls of vulnerability
 p - a scroll of silence {unknown}
 r - a scroll of identify
 t - 4 scrolls of teleportation
 u - 2 scrolls of enchant weapon
 v - a scroll of poison {unknown}
 B - a scroll of acquirement {unknown}
 E - a scroll of immolation {unknown}
Potions
 d - 2 potions of might
 h - 2 potions of haste
 i - 2 potions of resistance {unknown}
 q - 2 potions of curing
 s - a potion of lignification {unknown}
 w - 2 potions of heal wounds
 z - a potion of mutation {unknown}
 A - a potion of attraction {unknown}
 F - 3 potions of enlightenment {unknown}


   Skills:
 * Level 8.5 Fighting
 * Level 7.9 Axes
 + Level 6.3 Armour
 + Level 6.3 Shields


You had 7 spell levels left.
You didn't know any spells.
Your spell library contained the following spells:

 Spells                   Type           Power      Damage    Failure   Level
 Sublimation of Blood     Necr           0%         N/A       98%         2
 Petrify                  Alch/Erth      0%         N/A       100%        4
 Irradiate                Conj/Alch      0%         3d11      100%        5


Dungeon Overview and Level Annotations

Branches:
Dungeon (6/15)
 Temple: D:4-7

Altars:
Elyvilon
Makhleb
Uskayaw
Xom
Yredelemnul

Shops:
D:4 =   D:6 :

Annotations:
D:4 2 runed translucent doors


Innate Abilities, Weirdness & Mutations

You have a pair of horns on your head.
You reflexively headbutt those who attack you in melee.


Message History

You kill the orc!
The centaur hits you. The centaur barely misses you.
Something hits you but does no damage. The centaur barely misses you. x2
You are too injured to fight recklessly!
You closely miss the centaur. You headbutt the centaur!
The centaur is severely wounded.
You hit the orc. You miss something. You block the orc's attack.
Something hits you but does no damage. The centaur completely misses you.
The centaur barely misses you.
You hear some strange, mumbled words.
You are confused.
The centaur barely misses you. The centaur closely misses you.
The orc hits you with a +0 dagger.
* * * LOW HITPOINT WARNING * * *
You closely miss the centaur.
The centaur is severely wounded.
You barely miss the orc. You completely miss something.
The centaur hits you but does no damage.
The centaur closely misses you. The orc misses you.
You hear some strange, mumbled words.
A magic dart appears from out of thin air!
The magic dart hits you.
* * * LOW HITPOINT WARNING * * *
You feel better. The centaur barely misses you. x2
The orc hits you but does no damage. You block something's attack.
The centaur hits you but does no damage.
You block the centaur's attack.
You are too injured to fight recklessly!
You are too injured to fight recklessly!
You hit the centaur.
The centaur is severely wounded.
You hit something but do no damage. You barely miss the orc.
The centaur hits you.
The centaur kicks you but does no damage.
The orc completely misses you. You furiously retaliate!
You headbutt the orc!
You kill the orc!
You block something's attack. The centaur closely misses you.
You furiously retaliate!
You headbutt the centaur!
You kill the centaur!
You closely miss something. Something hits you but does no damage.
You miss something. You headbutt something!
Something hits you but does no damage.
You hit something. Something hits you but does no damage.
A centaur comes into view.
The centaur shouts!
You slash something!
Reactivating autopickup.
You feel a bit more experienced.
The centaur wields a +0 orcbow of freezing.
It is covered in frost.
The centaur shoots an arrow.
You block the arrow.
An iguana comes into view.
The centaur shoots an arrow.
The arrow barely misses you.
Found a stone staircase leading down.
The iguana hisses angrily.
The centaur shoots an arrow.
The arrow completely misses you.
Things that are here:
a +0 dagger; a +0 robe; an orc corpse
There is a stone staircase leading down here.
The centaur shoots an arrow.
The arrow misses you.
The centaur shoots an arrow.
The arrow hits you.
The centaur shoots an arrow.
You block the arrow.
The centaur shoots an arrow.
You block the arrow.
The centaur shoots an arrow.
The arrow hits you but does no damage.
The centaur shoots an arrow.
The arrow hits you. The arrow freezes you.
* * * LOW HITPOINT WARNING * * *
The centaur shoots an arrow.
You block the arrow.
You start resting.
An iguana is nearby!
You hit the iguana but do no damage. The iguana bites you.
The iguana barely misses you.
You are too injured to fight recklessly!
You are too injured to fight recklessly!
You are too injured to fight recklessly!
You slash the iguana!
The iguana is almost dead.
The iguana barely misses you.
You are too injured to fight recklessly!
You closely miss the iguana.
The iguana is almost dead.
The iguana closely misses you.
You barely miss the iguana.
The iguana is almost dead.
The iguana barely misses you.
You are too injured to fight recklessly!
You closely miss the iguana.
The iguana is almost dead.
The iguana bites you!
* * * LOW HITPOINT WARNING * * *
You are too injured to fight recklessly!
You hit the iguana but do no damage.
The iguana is almost dead.
The iguana bites you.
* * * LOW HITPOINT WARNING * * *
You are too injured to fight recklessly!
You slash the iguana!
You kill the iguana!
The centaur shoots an arrow.
The arrow hits you!
* * * LOW HITPOINT WARNING * * *
The centaur shoots an arrow.
The arrow hits you.
You die...

#.....# ###....##... ##.
#....## #.#.♣♣..#.♣♣..#.
#.####..### #..♣♣.#..♣
#.. .c......# ###....#
... #. #.###.).##
##..##.#..##.#..#
##))l######...#.##..#.##
.#
#...c..>..c.##....##....
#. #....######†#.#.♣♣..#
♣♣..#. #....#
#@##..♣♣.#..♣♣.#..
#...##
#.###....##....##. #...
#.#..##.#..##.#..# #...
#....#.##..#.##..# #...
#.###....##....##. #.#
#.♣♣..#.♣♣..#.
#.##..♣♣.#..♣♣.#..
#..##....##....##.
.##.#..##.#..#


You could see a centaur.

Vanquished Creatures
  Eustachio (D:4)
  3 ice beasts (D:5)
  3 ogres
  2 centaurs (D:6)
  A phantom (D:6)
  A howler monkey (D:6)
  2 jellies (D:4)
  2 gnoll boudas
  2 sleepcaps
  4 iguanas
  5 orc wizards
  12 gnolls
  7 adders
  A white imp (D:6)
  A ribbon worm (D:2)
  4 dart slugs
  20 orcs
  4 ball pythons
  5 endoplasms
  2 giant cockroaches
  4 hobgoblins
  8 jackals (D:3)
  7 kobolds
  4 quokkas
  10 bats
  2 frilled lizards
  6 goblins
  5 rats
128 creatures vanquished.

Notes
Turn   | Place    | Note
-------+----------+-------------------------------------------
     0 | D:1      | Flugslaktarn the Minotaur Fighter began the quest for the
                  | Orb.
     0 | D:1      | Reached XP level 1. HP: 19/19 MP: 0/0
   103 | D:1      | Reached XP level 2. HP: 27/27 MP: 1/1
   249 | D:1      | Reached skill level 4 in Fighting
   722 | D:2      | Reached XP level 3. HP: 33/33 MP: 2/2
  1172 | D:2      | Reached XP level 4. HP: 40/41 MP: 3/3
  2005 | D:4      | Reached skill level 5 in Fighting
  2005 | D:4      | Reached XP level 5. HP: 27/48 MP: 4/4
  2129 | D:4      | Found a basalt altar of Yredelemnul.
  2282 | D:4      | Found a burning altar of Makhleb.
  2664 | D:4      | Found a large runed translucent door.
  2665 | D:4      | Found a large runed translucent door.
  2667 | D:4      | Found a shimmering altar of Xom.
  2710 | D:4      | Noticed Eustachio
  2712 | D:4      | Found Hemuad's Jewellery Emporium.
  2728 | D:4      | Killed Eustachio
  2729 | D:4      | Reached skill level 5 in Axes
  2729 | D:4      | Reached XP level 6. HP: 31/57 MP: 5/5
  2916 | D:4      | Reached skill level 6 in Fighting
  2959 | D:4      | Found a hide-covered altar of Uskayaw.
  3519 | D:5      | Entered Level 5 of the Dungeon
  3564 | D:5      | Noticed an ice beast
  3579 | D:5      | Killed an ice beast
  3580 | D:5      | Reached skill level 5 in Armour
  3580 | D:5      | Reached skill level 5 in Shields
  3610 | D:5      | Reached XP level 7. HP: 39/64 MP: 6/6
  4564 | D:5      | Reached skill level 7 in Fighting
  4674 | D:5      | Reached XP level 8. HP: 70/73 MP: 7/7
  4758 | D:6      | Found Zoarab's Self-Published Books.
  4879 | D:6      | Found a white marble altar of Elyvilon.
  5023 | D:6      | Reached skill level 8 in Fighting
  5237 | D:6      | HP: 1/75 [centaur/arrow (12)]
  5237 | D:6      | Shot with an arrow by a centaur

Illustrated notes

Levels and vault maps discovered:
D:1:      dpeg_arrival_renting, layout_basic
D:2:      layout_basic
D:3:      layout_basic
D:4:      due_chaos_kobolds, layout_basic, mainiacjoe_overflow_small_starburst,
          mainiacjoe_overflow_six_doors_small, amcnicky_altar_gilded,
          serial_shops, nicolae_shop_peninsula, enter_ossuary_3, uniq_eustachio
D:5:      layout_basic
D:6:      layout_rooms, gammafunk_temple_overflow_forgotten,
          nicolae_elyvilon_peaceful_grove, minmay_temple_entry_statues_pillars,
          nicolae_eternal_life, minmay_misc_feat_four_crosses,
          nicolae_custom_books, uniq_edmund

Skill      XL: |  1  2  3  4  5  6  7  8 |
---------------+-------------------------+-----
Fighting       | 4 5 6 7 8 |  8.5
Axes           | 3 4 5 6 7 |  7.9
Armour         | 4 5 6 |  6.3
Shields        | 4 5 6 |  6.3

Action                     |  1- 3 |  4- 6 |  7- 9 || total
---------------------------+-------+-------+-------++-------
  Melee: War axe           |    81 |   137 |   131 ||   349
         Headbutt          |     9 |    20 |    19 ||    48
    Use: Potion            |       |     3 |     3 ||     6
         Scroll            |       |       |     7 ||     7
 Armour: Scale mail        |    21 |       |       ||    21
         Chain mail        |    39 |   113 |   150 ||   302
  Dodge: Dodged            |    40 |    43 |    67 ||   150
  Block: Buckler           |    15 |    27 |    63 ||   105

Table legend: (Time is in decaauts)
 A = Elapsed time spent in this place.
 B = Non-inter-level travel time spent in this place.
 C = Inter-level travel time spent in this place.
 D = Time resting spent in this place.
 E = Time spent auto-exploring this place.
 F = Levels seen in this place.
 G = Mean time per level.
                   A        B        C        D        E       F      G
               +--------+--------+--------+--------+--------+-----+--------+
         Total |   5311 |   5192 |    119 |    213 |   4074 |   6 |  885.2 |
       Dungeon |   5311 |   5192 |    119 |    213 |   4074 |   6 |  885.2 |
               +--------+--------+--------+--------+--------+-----+--------+

Top non-repeatable levels by time:
     D:4: 1592 daAuts
     D:5: 1252 daAuts
     D:2: 729 daAuts
     D:1: 675 daAuts
     D:3: 565 daAuts
     D:6: 496 daAuts
